 Dungeon Crawl Stone Soup version bcrawl-1.12-8-g964540c432 (webtiles) character file.

Game seed: 7996573499121380249

63 BorisKarlOrff the Poker (level 3, 0/43 HPs)
             Began as a Demigod Gladiator on June 7, 2019.
             Succumbed to an adder's poison
             ... on level 2 of the Dungeon.
             The game lasted 00:04:25 (1228 turns).

BorisKarlOrff the Poker (Demigod Gladiator)         Turns: 1228, Time: 00:04:26

Health: 0/43       AC:  6    Str: 23    XL:     3   Next: 87%
Magic:  5/5        EV: 12    Int: 19    God:    Demigod [*.....]
Gold:   99         SH:  0    Dex: 20    Spells: 2/2 levels left

rFire    + . .     SeeInvis .   a - +0 trident
rCold    + . .     Gourm    .   (no shield)
rNeg     . . .     Faith    .   g - +0 scale mail
rPois    +         Spirit   .   (helmet restricted)
rElec    +         Reflect  .   (no cloak)
rCorr    +         Harm     .   (no gloves)
MR       .....                  (no boots)
Stlth    ..........             (no amulet)
HPRegen  0.14/turn              (no ring)
MPRegen  0.09/turn              (no ring)

@: brilliant, berserking, lethally poisoned (0 -> -5), resistant, very quick
A: horns 1, clever 1, deterioration 1, high mp 1
a: Temporal Distortion


You were on level 2 of the Dungeon.
You worshipped Demigod.
Demigod was aware of your devotion.
You were not hungry.

You visited 1 branch of the dungeon, and saw 2 of its levels.

You collected 99 gold pieces.

Inventory:

Hand Weapons
 a - a +0 trident (weapon)
Missiles
 d - 3 throwing nets (quivered) {!f}
Armour
 c - a +0 helmet
 g - a +0 scale mail (worn)
Wands
 i - a wand of flame (26)
Scrolls
 m - a scroll of teleportation
 n - a scroll of blinking
 o - a scroll of magic mapping {unknown}
 p - 3 scrolls of remove curse {unknown}
 q - a scroll of noise {unknown}
Potions
 k - a potion of haste
Comestibles
 f - 3 rations {!d}


   Skills:
 + Level 2.0 Fighting
 + Level 3.6 Polearms
 + Level 1.9 Throwing
 + Level 0.9 Armour
 + Level 3.1 Dodging


You had 2 spell levels left.
You didn't know any spells.
Your spell library was empty.

Dungeon Overview and Level Annotations

Branches:
Dungeon (2/12)


Innate Abilities, Weirdness & Mutations

You have an increased reservoir of magic. (+10% MP)
You have a pair of small horns on your head.
Your mind is acute. (Int +2)
Your body sometimes deteriorates upon taking damage.


Message History

You feel protected.
* * * LOW HITPOINT WARNING * * *
You feel sick.
It was a potion of mutation.
You feel extremely strange.
You feel yourself wasting away.
You feel clever. A pair of horns grows on your head!
Your +0 helmet falls away!
It was a potion of magic.
Magic courses through your body.
* * * LOW HITPOINT WARNING * * *
You feel sick.
You feel clever all of a sudden.
* * * LOW HITPOINT WARNING * * *
You feel sick.
A red film seems to cover your vision as you go berserk!
You feel yourself moving faster!
You feel mighty!
* * * LOW HITPOINT WARNING * * *
You feel sick.
You feel a strong urge to attack something.
You die...
Your divinity fades.

##### #####
#######...####...##
.................. ..
..##..........#
####.##.## #@#
.....#...## #.#
.....)....# #†#
####.#....# #.# #
#(##.#.# ##.#
####.##.#.# #..#
........#.#####.##
####.#.##...(....#
####..#[#######..####..


There were no monsters in sight!

Vanquished Creatures
  An adder (D:2)
  A worm (D:2)
  A dart slug (D:1)
  5 leopard geckos
  2 bats (D:1)
  2 giant cockroaches
  4 goblins
  8 hobgoblins
  2 jackals (D:1)
  10 kobolds
  4 rats
40 creatures vanquished.

Notes
Turn   | Place    | Note
-------+----------+-------------------------------------------
     0 | D:1      | BorisKarlOrff the Demigod Gladiator began the quest for the
                  | Orb.
     0 | D:1      | Reached XP level 1. HP: 17/17 MP: 3/3
   199 | D:1      | Reached XP level 2. HP: 14/24 MP: 4/4
   368 | D:1      | Reached * piety under Demigod
   475 | D:1      | Reached XP level 3. HP: 25/29 MP: 5/5
  1107 | D:2      | Found a glowing silver altar of Zin.
  1223 | D:2      | Gained mutation: Your body sometimes deteriorates upon
                  | taking damage. [potion of mutation]
  1223 | D:2      | Gained mutation: Your mind is acute. (Int +2) [potion of
                  | mutation]
  1223 | D:2      | Gained mutation: You have a pair of small horns on your
                  | head. [potion of mutation]
  1225 | D:2      | HP: 1/29 [poisoned by an adder]
  1228 | D:2      | Succumbed to an adder's poison

Skill      XL: |  1  2 |
---------------+-------+-----
Polearms       | 3 |  3.6
Dodging        | 3 |  3.1
Fighting       | 2 |  2.0
Throwing       | |  1.9
Armour         | |  0.9

Action                   || total
-------------------------++-------
Melee: Trident           ||   144
  Use: Scroll            ||     5
       Potion            ||     5
  Eat: Ration            ||     1
Armor: Leather armour    ||    27
       Scale mail        ||    40
Dodge: Dodged            ||   104
